 Dungeon Crawl Stone Soup version 0.26-a0-668-gd58323b419 (webtiles) character file.

Game seed: 18336143434587535406

602 marklar909 the Skirmisher (level 7, 0/56 HPs)
             Began as a Formicid Abyssal Knight on Oct 19, 2020.
             Was a Believer of Lugonu.
             Killed by nerve-wracking pain
             ... invoked by Menkaure
              (12 damage)
             ... on level 4 of the Dungeon.
             The game lasted 00:06:23 (6115 turns).

marklar909 the Skirmisher (Formicid Abyssal Knight) Turns: 6115, Time: 00:06:23

Health: 0/56       AC:  7    Str: 18    XL:     7   Next: 69%
Magic:  8/8        EV: 11    Int: 11    God:    Lugonu [**....]
Gold:   123        SH:  5    Dex: 11    Spells: 6/6 levels left

rFire    . . .     SeeInvis +   a - +1 mace
rCold    . . .     Faith    .   (no shield)
rNeg     . . .     Spirit   .   k - +0 ring mail
rPois    .         Reflect  +   (helmet unavailable)
rElec    .         Harm     .   (no cloak)
rCorr    .         Rampage  .   f - +0 pair of gloves
MR       .....                  (no boots)
Stlth    +.........             d - amulet of reflection
HPRegen  0.18/turn              (no ring)
MPRegen  0.11/turn              (no ring)

@: mighty
A: permanent stasis, dig shafts and tunnels, four strong arms, antennae 3
a: Dig, Shaft Self, Depart the Abyss, Bend Space, Renounce Religion


You were on level 4 of the Dungeon.
You worshipped Lugonu.
Lugonu was pleased with you.
You visited 1 branch of the dungeon, and saw 4 of its levels.
You visited the Abyss 1 time.

You collected 123 gold pieces.

Inventory:

Hand Weapons
 a - a +1 mace (weapon)
Armour
 f - a +0 pair of gloves (worn)
 k - a +0 ring mail (worn)
Jewellery
 d - an amulet of reflection (around neck)
Scrolls
 c - a scroll of identify
 e - a scroll of fog
 h - a scroll of amnesia
 i - a scroll of fear {unknown}
Potions
 b - a potion of curing


   Skills:
 + Level 5.2 Fighting
 + Level 4.6 Maces & Flails
 + Level 4.9 Armour
 + Level 2.5 Dodging
 + Level 2.0 Stealth
 + Level 2.2 Invocations


You had 6 spell levels left.
You didn't know any spells.
Your spell library was empty.

Dungeon Overview and Level Annotations

Branches:
Dungeon (4/15)             Temple (0/1) D:4

Altars:
Cheibriados
Sif Muna
Xom

Shops:
D:4 !

Annotations:
D:4 Menkaure


Innate Abilities, Weirdness & Mutations

You cannot be hasted, slowed, berserked, paralysed or teleported.
You can dig through walls and to a lower floor.
Your four strong arms can wield two-handed weapons with a shield.
You have a pair of large antennae on your head. (SInv)


Message History

Unknown command.
You hit Menkaure.
Menkaure is moderately damaged.
Menkaure calls on the powers of darkness!
Your body is wracked with pain!
You hit Menkaure but do no damage.
Menkaure is moderately damaged.
Menkaure closely misses you.
You sock Menkaure!
Menkaure is heavily damaged.
Menkaure calls on the powers of darkness!
Your body is wracked with pain!
* * * LOW HITPOINT WARNING * * *
You block Menkaure's attack.
Unknown command.
You feel very mighty all of a sudden.
Menkaure sighs a few words.
Menkaure casts a spell at you. Pain shoots through your body!
You die...

..#....# .........[...#..........
..#....#.........##...#..........
..#....#.........##...#..........
..#....#..............#..........
..#....# .............#..........
###....# ............#
.......######.........#
..........>.⌠.⌠.......#
.............∩..@M....#
...##+#.....⌠.⌠...^...# ###
#.....#....##...# #.....#....#
..# #.....#...... .#
#.....#....... # ##....#....####
#....#....#


You could see Menkaure (fast).

Vanquished Creatures
  Sigmund (D:2)
  A phantom (D:3)
  A bullfrog (D:3)
  A bullfrog skeleton (D:4)
  2 hounds
  Jessica (D:2)
  An iguana (D:4)
  A worker ant (D:4)
  A hound skeleton (D:4)
  2 adders
  A white imp (D:2)
  An ooze (D:2)
  2 worms (D:2)
  4 dart slugs
  5 leopard geckos (D:2)
  9 giant cockroaches
  3 goblins (D:2)
  3 hobgoblins
  6 jackals
  4 quokkas
  2 ball pythons (D:3)
  8 bats
  2 frilled lizards (D:2)
  6 kobolds
  A quokka skeleton (D:4)
  8 rats
77 creatures vanquished.

Notes
Turn   | Place    | Note
-------+----------+-------------------------------------------
     0 | Abyss:1  | marklar909 the Formicid Abyssal Knight began the quest for
                  | the Orb.
     0 | Abyss:1  | Reached XP level 1. HP: 18/18 MP: 2/2
    80 | Abyss:1  | Noticed a harpy skeleton
    83 | D:1      | Escaped the Abyss
   571 | D:1      | Reached XP level 2. HP: 19/24 MP: 3/3
  1253 | D:2      | Reached skill level 4 in Fighting
  1310 | D:2      | Reached XP level 3. HP: 24/30 MP: 4/4
  1372 | D:2      | Found a faded altar of an unknown god.
  1399 | D:2      | Reached * piety under Lugonu
  1555 | D:2      | Reached skill level 1 in Dodging
  1868 | D:2      | Reached XP level 4. HP: 37/37 MP: 5/5
  1978 | D:2      | Noticed Jessica
  2005 | D:2      | Killed Jessica
  3023 | D:2      | Reached XP level 5. HP: 42/43 MP: 6/6
  3050 | D:2      | Noticed Sigmund
  3094 | D:2      | Killed Sigmund
  3094 | D:2      | Reached skill level 1 in Stealth
  3094 | D:2      | Reached XP level 6. HP: 14/49 MP: 7/7
  3544 | D:3      | Noticed a phantom
  4097 | D:3      | Reached ** piety under Lugonu
  4588 | D:3      | Found a snail-covered altar of Cheibriados.
  4597 | D:3      | Found a shimmering blue altar of Sif Muna.
  4597 | D:3      | Found a shimmering altar of Xom.
  4898 | D:4      | Noticed an ogre
  4914 | D:3      | Reached XP level 7. HP: 45/55 MP: 8/8
  5314 | D:3      | Reached skill level 5 in Fighting
  5539 | D:4      | Found a staircase to the Ecumenical Temple.
  6098 | D:4      | Found Pittoxal's Distillery.
  6105 | D:4      | Noticed Menkaure
  6115 | D:4      | Killed from afar by Menkaure

Illustrated notes

Levels and vault maps discovered:
D:1:      nzn_arrival_water_spiral, layout_loops_corners
D:2:      layout_loops_ring, chequers_ecumenical_altar_simple, uniq_sigmund,
          uniq_jessica
D:3:      layout_loops_ring, minitemple
D:4:      layout_gridville, minmay_temple_entry_grid, serial_shops,
          shop_fountains, kennysheep_donut, uniq_menkaure

Skill      XL: |  1  2  3  4  5  6  7 |
---------------+----------------------+-----
Fighting       | 4 5 |  5.2
Dodging        | 1 2 |  2.5
Maces & Flails | 3 4 |  4.6
Armour         | 3 4 |  4.9
Stealth        | 1 2 |  2.0
Invocations    | |  2.2

Action                   |  1- 3 |  4- 6 |  7- 9 || total
-------------------------+-------+-------+-------++-------
Melee: Mace              |   120 |   288 |    97 ||   505
Invok: Depart the Abyss  |     1 |       |       ||     1
 Abil: Dig               |     2 |       |       ||     2
  Use: Scroll            |     8 |     2 |       ||    10
       Potion            |     1 |     2 |     1 ||     4
Armor: Leather armour    |    12 |       |       ||    12
       Ring mail         |    60 |   113 |    23 ||   196
Dodge: Dodged            |    87 |   189 |    50 ||   326
Block: Other             |       |     4 |    21 ||    25

Table legend: (Time is in decaauts)
 A = Elapsed time spent in this place.
 B = Non-inter-level travel time spent in this place.
 C = Inter-level travel time spent in this place.
 D = Time resting spent in this place.
 E = Time spent auto-exploring this place.
 F = Levels seen in this place.
 G = Mean time per level.
                   A        B        C        D        E       F      G
               +--------+--------+--------+--------+--------+-----+--------+
         Total |   6236 |   5977 |    259 |    907 |   3798 |   5 | 1247.2 |
       Dungeon |   6152 |   5893 |    259 |    907 |   3798 |   4 | 1538.0 |
         Abyss |     83 |     83 |      0 |      0 |      0 |   1 |   83.0 |
               +--------+--------+--------+--------+--------+-----+--------+

Top non-repeatable levels by time:
     D:2: 2710 daAuts
     D:3: 1455 daAuts
     D:1: 1367 daAuts
     D:4: 619 daAuts
 Abyss:1: 83 daAuts
